 Dungeon Crawl Stone Soup version 0.30-a0-613-gdd512c7efb (webtiles) character file.

Game seed: 11472455913211453700

28 timneilson the Shield-Bearer (level 3, -1/23 HPs)
             Began as a Gargoyle Fighter on Jan 9, 2023.
             Slain by a goblin
             ... wielding a +0 club
             ... led by Robin
              (6 damage)
             ... on level 2 of the Dungeon.
             The game lasted 00:01:22 (884 turns).

timneilson the Shield-Bearer (Gargoyle Fighter)      Turns: 884, Time: 00:01:23

Health: -1/23      AC: 10    Str: 21    XL:     3   Next: 12%
Magic:  3/3        EV:  9    Int:  8    God:
Gold:   58         SH:  4    Dex:  9    Spells: 2/2 levels left

rFire   . . .      SeeInvis .    a - +0 long sword
rCold   . . .      Faith    .    c - +0 buckler
rNeg    + . .      Spirit   .    b - +0 scale mail
rPois   ∞          Reflect  .    (no helmet)
rElec   +          Harm     .    (no cloak)
rCorr   .          Rampage  .    (no gloves)
Will    .....                    (no boots) Stlth
                                 (no amulet)
HPRegen 0.23/turn                (no ring)
MPRegen 0.08/turn                (no ring)

@: no status effects
A: sickness immunity, AC +3, negative energy resistance 1, electricity
resistance, torment resistance 1, petrification resistance
a: no special abilities


You were on level 2 of the Dungeon.
You visited 1 branch of the dungeon, and saw 2 of its levels.

You collected 58 gold pieces.

Inventory:

Hand Weapons
 a - a +0 long sword (weapon)
Armour
 b - a +0 scale mail (worn)
 c - a +0 buckler (worn)
 j - a +0 tower shield
Jewellery
 f - a ring of positive energy
Scrolls
 k - a scroll of identify {unknown}
Potions
 d - a potion of might
 e - a potion of brilliance {unknown}
 g - a potion of mutation {unknown}
 h - 2 potions of curing {unknown}
 i - 2 potions of degeneration {unknown}


   Skills:
 + Level 3.4 Fighting
 * Level 2.1 Long Blades
 * Level 3.6 Armour
 + Level 0.5 Dodging
 * Level 3.6 Shields


You had 2 spell levels left.
You didn't know any spells.
Your spell library contained the following spells:

 Spells                   Type           Power      Damage    Failure   Level
 Slow                     Hex            0%         N/A       83%         1
 Confusing Touch          Hex            0%         N/A       99%         3
 Ozocubu's Armour         Ice            0%         N/A       99%         3
 Vampiric Draining        Necr           0%         2d6       99%         3
 Metabolic Englaciation   Hex/Ice        0%         N/A       100%        5
 Simulacrum               Ice/Necr       0%         N/A       100%        6


Dungeon Overview and Level Annotations

Branches:
Dungeon (2/15)

Altars:

Annotations:
D:2 Robin


Innate Abilities, Weirdness & Mutations

You are immune to sickness and miasma.
Your stone body is resilient. (AC +3)
You are immune to poison.
You resist negative energy. (rN+)
You are resistant to electric shocks. (rElec)
You are resistant to unholy torment.
You are immune to petrification.


Message History

The goblins go into a battle-frenzy!
The hobgoblin hits you.
A hobgoblin comes into view.
You hear a shout!
You hit Robin.
Robin is heavily wounded.
The goblin hits you but does no damage. You block Robin's attack.
The goblin misses you. The hobgoblin hits you.
A hobgoblin comes into view.
Robin closely misses you. The goblin hits you but does no damage.
The goblin completely misses you. The hobgoblin closely misses you.
You barely miss Robin.
Robin is heavily wounded.
The goblin hits you with a +0 dagger.
A goblin comes into view. It is wielding a +0 dagger.
The goblin hits you with a +0 dagger. You block the hobgoblin's attack.
You are too injured to fight recklessly!
You are too injured to fight recklessly!
You are too injured to fight recklessly!
You are too injured to fight recklessly!
You are too injured to fight recklessly!
You are too injured to fight recklessly!
You are too injured to fight recklessly!
You are too injured to fight recklessly!
You are too injured to fight recklessly!
You are too injured to fight recklessly!
You are too injured to fight recklessly!
You are too injured to fight recklessly!
Unknown command.
You block the hobgoblin's attack. The hobgoblin attacks as you move away!
The hobgoblin closely misses you. Robin throws the goblin at you!
* * * LOW HITPOINT WARNING * * *
The goblin barely misses you. Robin attacks as you move away!
Robin hits you but does no damage. The goblin attacks as you move away!
The goblin hits you but does no damage.
Robin roars a battlecry!
The goblins go into a battle-frenzy!
The goblin barely misses you. The goblin hits you with a +0 club.
You die...

.. ........#..#
.###...#.(.#..# .
.w...##...#..# ..
#...##...#..# ...
#ggg##...#..########
....#.gg................
.#.#..gg######.....#####
....>.gg...........#
####.#g@...........# ##
#.#...###.####..####.
......................
##.#..####.####..####.
#.#..# #.# #..# #. #
...# #.# #..# #. #...#
#.# #..####. ##..#
#....... #.......


You could see Robin, a dart slug, 3 hobgoblins and 6 goblins.

Vanquished Creatures
  2 adders (D:2)
  4 bats
  2 goblins (D:2)
  A hobgoblin (D:1)
  A frilled lizard (D:2)
  A rat (D:1)
11 creatures vanquished.

Notes
Turn   | Place    | Note
-------+----------+-------------------------------------------
     0 | D:1      | timneilson the Gargoyle Fighter began the quest for the
                  | Orb.
     0 | D:1      | Reached XP level 1. HP: 14/14 MP: 1/1
   703 | D:2      | Reached XP level 2. HP: 19/19 MP: 2/2
   753 | D:2      | Found a faded altar of an unknown god.
   795 | D:2      | Reached XP level 3. HP: 22/23 MP: 3/3
   872 | D:2      | Noticed Robin
   884 | D:2      | Slain by a goblin

Illustrated notes

Levels and vault maps discovered:
D:1:      dpeg_arrival_castle, layout_loops_ring,
          chequers_serial_rivers_small_b, amethyst_killhole
D:2:      layout_basic, shapermc_ecumenical_altar_notcrosses, uniq_robin

Skill      XL: |  1 |
---------------+----+-----
Long Blades    | 2 |  2.1
Fighting       | |  3.4
Armour         | |  3.6
Dodging        | |  0.5
Shields        | |  3.6

Action                   || total
-------------------------++-------
Melee: Long sword        ||    50
Armor: Scale mail        ||    38
Dodge: Dodged            ||    42
Block: Buckler           ||    17

Table legend: (Time is in decaauts)
 A = Elapsed time spent in this place.
 B = Non-inter-level travel time spent in this place.
 C = Inter-level travel time spent in this place.
 D = Time resting spent in this place.
 E = Time spent auto-exploring this place.
 F = Levels seen in this place.
 G = Mean time per level.
                   A        B        C        D        E       F      G
               +--------+--------+--------+--------+--------+-----+--------+
         Total |    906 |    857 |     49 |      0 |    716 |   2 |  453.0 |
       Dungeon |    906 |    857 |     49 |      0 |    716 |   2 |  453.0 |
               +--------+--------+--------+--------+--------+-----+--------+

Top non-repeatable levels by time:
     D:1: 670 daAuts
     D:2: 235 daAuts
